 Dungeon Crawl Stone Soup version 0.30-b1-2-g02819fbbbe (webtiles) character file.

Game seed: 3655276836085578664

459 dorian the Shooter (level 7, -6/55 HPs)
             Began as a Barachi Hunter on May 5, 2023.
             Killed from afar by Blork the orc (9 damage)
             ... with a magic dart
             ... on level 4 of the Dungeon on May 6, 2023.
             The game lasted 00:09:14 (2934 turns).

dorian the Shooter (Barachi Hunter)                 Turns: 2934, Time: 00:09:15

Health: -6/55      AC:  5    Str: 15    XL:     7   Next: 6%
Magic:  7/7        EV: 12    Int:  9    God:
Gold:   160        SH:  0    Dex: 15    Spells: 6/6 levels left

rFire   . . .        a - +0 shortbow
rCold   . . .        (shield currently unavailable)
rNeg    . . .        c - +1 leather armour
rPois   .            q - +0 helmet
rElec   .            (no cloak)
rCorr   .            (no gloves)
SInv    .            (no boots)
Will    .....        (no amulet)
Stlth   +            (no ring)
HPRegen 0.29/turn    (no ring)
MPRegen 0.10/turn

%: no passive effects
@: slow
A: amphibious, slowness 1, strong legs 1, +LOS
a: Hop


You were on level 4 of the Dungeon.
You visited 1 branch of the dungeon, and saw 4 of its levels.

You collected 210 gold pieces.
You spent 50 gold pieces at shops.

Inventory:

Hand Weapons
 a - a +0 shortbow (weapon)
 g - a +1 short sword of venom
Armour
 c - a +1 leather armour (worn)
 k - a scarf of shadows
 p - a +0 plate armour
 q - a +0 helmet (worn)
Magical Staves
 l - a staff of earth
Jewellery
 f - a ring of ice
Scrolls
 b - 3 scrolls of immolation
 d - a scroll of vulnerability
 i - a scroll of brand weapon {unknown}
 m - 2 scrolls of identify
 s - a scroll of teleportation
 t - a scroll of summoning {unknown}
Potions
 e - 2 potions of might
 h - a potion of curing
 j - a potion of lignification
 n - a potion of invisibility
 o - a potion of resistance {unknown}
 r - a potion of heal wounds


   Skills:
 + Level 4.8 Fighting
 * Level 6.5 Ranged Weapons
 - Level 3.1 Armour
 + Level 3.0 Dodging
 - Level 0.8 Stealth


You had 6 spell levels left.
You didn't know any spells.
Your spell library contained the following spells:

 Spells                   Type           Power      Damage    Failure   Level
 Necrotise                Necr           0%         1d4       45%         1


Dungeon Overview and Level Annotations

Branches:
Dungeon (4/15)
 Temple: D:4-7

Altars:

Shops:
D:2 ?   D:4 !

Annotations:
D:4 Blork the orc


Innate Abilities, Weirdness & Mutations

You are amphibious.
You cover ground slowly.
You can hop short distances.
You have an extended range of vision and can be seen from far away.


Message History

Blork the orc shouts!
Blork the orc is lightly wounded.
You shoot an arrow.
The arrow hits Blork the orc but does no damage.
Blork the orc is lightly wounded.
Blork the orc gestures at you while chanting.
The puff of flame misses you.
You shoot an arrow. The arrow hits Blork the orc!
Blork the orc is moderately wounded.
Blork the orc casts a spell at you. The puff of frost hits you!
You shoot an arrow.
The arrow hits Blork the orc but does no damage.
Blork the orc is moderately wounded.
You shoot an arrow. The arrow hits Blork the orc.
Blork the orc is heavily wounded.
You shoot an arrow. The arrow hits Blork the orc.
Blork the orc is severely wounded.
Blork the orc hits you with a +3 scimitar of electrocution.
You are electrocuted!
You shoot an arrow. The arrow hits Blork the orc!
Blork the orc is almost dead.
Blork the orc mumbles some strange words.
Blork the orc seems to speed up.
You shoot an arrow. The arrow closely misses Blork the orc.
Blork the orc casts a spell at you. The puff of frost misses you.
Blork the orc hits you with a +3 scimitar of electrocution!
You are electrocuted!
* * * LOW HITPOINT WARNING * * *
You are too injured to fight recklessly!
You are too injured to fight recklessly!
You are too injured to fight recklessly!
Fire: a) +0 shortbow
Press: ? - help, Shift-Dir - straight line, f/p - Blork the orc
Aim: Blork the orc, wielding a +3 scimitar of electrocution and wearing a +0 robe (almost dead, fast, 68% to hit)
You shoot an arrow. The arrow barely misses Blork the orc.
Blork the orc points at you and mumbles some strange words.
The magic dart hits you!
You die...

#########.#
##......#.#
#.........#
#........#
#........##
###........#
######.........##
##.##...###......#
#....#### ##..#.@#
......## #####o.#
.......## ##.#
........## ...
.........# ....
.........# ......
..........#
.......
.........##
....... ........##
.......


You could see Blork the orc (fast).

Vanquished Creatures
  Menkaure (D:4)
  A black bear (D:4)
  An orc priest (D:3)
  Jessica (D:2)
  An orc wizard (D:3)
  Robin (D:3)
  3 adders
  2 worms
  5 dart slugs
  10 orcs (D:3)
  4 bats
  9 endoplasms
  8 giant cockroaches
  11 goblins
  11 hobgoblins
  4 kobolds
  6 quokkas
  10 ball pythons
  5 frilled lizards
  4 rats
98 creatures vanquished.

Vanquished Creatures (others)
  2 fungi (D:1)
2 creatures vanquished.

Grand Total: 100 creatures vanquished

Notes
Turn   | Place    | Note
-------+----------+-------------------------------------------
     0 | D:1      | dorian the Barachi Hunter began the quest for the Orb.
     0 | D:1      | Reached XP level 1. HP: 17/17 MP: 1/1
   108 | D:1      | Reached XP level 2. HP: 23/23 MP: 2/2
   153 | D:1      | Reached skill level 1 in Armour
   252 | D:1      | Reached XP level 3. HP: 28/28 MP: 3/3
   538 | D:1      | Found a faded altar of an unknown god.
   545 | D:1      | Got Plato's Quarto of Maleficent Words
   901 | D:2      | Noticed Jessica
   904 | D:2      | Killed Jessica
   905 | D:2      | Reached XP level 4. HP: 35/35 MP: 4/4
   914 | D:2      | Reached skill level 5 in Ranged Weapons
  1138 | D:2      | Found Etaep's Magic Scroll Shop.
  1140 | D:2      | You fall into a shaft and drop 1 floor!
  1191 | D:3      | Reached XP level 5. HP: 41/42 MP: 5/5
  1480 | D:3      | Noticed Robin
  1491 | D:3      | Killed Robin
  1924 | D:3      | Reached XP level 6. HP: 42/48 MP: 6/6
  2593 | D:4      | Noticed Menkaure
  2605 | D:4      | Killed Menkaure
  2606 | D:4      | Reached skill level 6 in Ranged Weapons
  2666 | D:4      | Found Cuit's Distillery.
  2677 | D:4      | Bought a potion of heal wounds for 50 gold pieces
  2789 | D:4      | Noticed a black bear
  2797 | D:4      | Killed a black bear
  2798 | D:4      | Reached XP level 7. HP: 55/55 MP: 7/7
  2925 | D:4      | Noticed Blork the orc
  2934 | D:4      | Killed from afar by Blork the orc

Illustrated notes

Levels and vault maps discovered:
D:1:      dpeg_arrival_snail, layout_loops_ring,
          shapermc_ecumenical_altar_rom_forum
D:2:      layout_basic, serial_shops, nicolae_shop_getting_attention,
          uniq_jessica
D:3:      layout_basic, uniq_robin
D:4:      layout_cave_pods, serial_shops, nicolae_shop_just_a_little_nook,
          uniq_natasha, uniq_menkaure, uniq_blork_the_orc

Skill      XL: |  1  2  3  4  5  6 |
---------------+-------------------+-----
Armour         | 1 2 3 |  3.1
Fighting       | 3 4 |  4.8
Ranged Weapons | 5 6 |  6.5
Dodging        | 3 |  3.0
Stealth        | |  0.8

Action                     |  1- 3 |  4- 6 |  7- 9 || total
---------------------------+-------+-------+-------++-------
   Fire: Shortbow          |    94 |   182 |    10 ||   286
Ability: Hop               |       |     1 |       ||     1
    Use: Scroll            |       |     8 |       ||     8
         Potion            |       |     4 |       ||     4
 Armour: Leather armour    |    11 |    28 |       ||    39
  Dodge: Dodged            |    12 |    76 |     2 ||    90
